Map: 16-Bit LE

Players

EMONNA - Winner!

  • Race: Zerg Zerg
  • League: Silver
  • Spawn Location: 7:00

VOD

Have the link to the VOD?

Description

Time

  • Played on: Jan. 22, 2021, 1:27 p.m.
  • Length: 16:52
Show
View Real Time Build Order
Export as new Build Order

EMONNA Zerg - Winner!

Build Orders: Hatch First, Lurkers 

Get SALT Encoding   

  12  0:03  Drone  
  12  0:23  Overlord  
  12  0:24  Drone  
  12  0:42  Drone x2  
  12  0:46  Drone  
  12  1:17  Hatchery, Drone x2  
  12  1:20  Extractor  
  12  1:24  Spawning Pool  
  12  1:39  Drone x2  
  12  1:50  Drone  
  12  1:51  Overlord  
  12  2:03  Drone  
  12  2:15  Queen  
  12  2:23  Roach Warren  
  12  2:26  Zergling x4  
  12  2:29  Queen  
  12  2:31  Zergling x2  
  12  2:41  Zergling x2, Drone  
  12  2:53  Queen  
  12  3:01  Evolution Chamber  
  12  3:17  Roach x3  
  12  3:18  Overlord  
  12  3:19  Overlord  
  12  3:37  Lair  
  12  3:43  Zerg Missile Weapons Level 1  
  12  3:48  Overlord, Drone x2  
  12  3:57  Drone  
  12  3:58  Drone x2  
  12  4:12  Drone x4  
  12  4:32  Hatchery  
  12  4:54  Spore Crawler  
  12  5:03  Queen  
  12  5:19  Hydralisk Den  
  12  5:20  Glial Reconstitution  
  12  5:37  Zerg Melee Weapons Level 1, Roach x2  
  12  5:38  Drone  
  12  5:39  Drone x5  
  12  5:50  Queen  
  12  5:59  Hydralisk  
  12  6:07  Extractor  
  12  6:10  Extractor  
  12  6:19  Hydralisk  
  12  6:24  Extractor  
  12  6:43  Drone x3  
  12  6:44  Drone  
  12  6:51  Hydralisk x2  
  12  6:54  Overlord x2  
  12  6:55  Overlord x3  
  12  6:56  Overlord  
  12  7:12  Drone  
  12  7:13  Drone x6  
  12  7:14  Drone  
  12  7:19  Grooved Spines  
  12  7:28  Evolution Chamber  
  12  7:48  Drone x5  
  12  8:01  Hatchery  
  12  8:30  Muscular Augments  
  12  8:41  Zerg Missile Weapons Level 2  
  12  9:05  Infestation Pit  
  12  9:22  Hydralisk x5  
  12  9:23  Hydralisk x7  
  12  9:24  Hydralisk x2, Extractor  
  12  9:41  Lurker Den  
  12  10:07  Hydralisk  
  12  10:08  Hydralisk x5  
  12  10:15  Extractor  
  12  10:20  Evolution Chamber  
  12  10:28  Drone x4  
  12  10:29  Drone x5  
  12  10:30  Drone  
  12  10:41  Overlord  
  12  10:42  Overlord x4  
  12  10:43  Overlord  
  12  10:44  Overlord x2  
  12  10:57  Zerg Melee Weapons Level 2  
  12  11:12  Hive  
  12  11:18  Roach x6  
  12  11:19  Roach x6  
  12  11:20  Overlord, Roach x4  
  12  11:23  Queen  
  12  11:33  Lurker  
  12  11:34  Lurker x3  
  12  11:35  Lurker x2  
  12  11:45  Metabolic Boost  
  12  11:57  Hydralisk, Roach x2  
  12  11:58  Hydralisk x3, Roach  
  12  12:08  Drone x4  
  12  12:09  Drone  
  12  12:10  Overlord  
  12  12:21  Overlord  
  12  12:37  Spore Crawler  
  12  12:51  Spore Crawler  
  12  12:54  Viper x3  
  12  12:55  Viper, Hydralisk  
  12  12:56  Spore Crawler, Hydralisk x2  
  12  13:08  Zerg Missile Weapons Level 3  
  12  13:24  Hatchery  
  12  13:51  Spine Crawler  
  12  14:40  Hydralisk x4  
  12  14:51  Tunneling Claws  
Tags
 
Composition
Lurkers
League
Silver
Race
Zerg
Add a new tag
Caveats
  • Supply blocks, unpowered buildings, or Contaminate may cause inaccurate times.
  • Supply counts are checked every 10 seconds.